 Dungeon Crawl Stone Soup version 0.22.1-1-ga44c0e5 (webtiles) character file.

39 Heatsaber the Conjurer (level 3, -3/16 HPs)
             Began as a Vine Stalker Conjurer on Oct 6, 2018.
             Slain by a scorpion (6 damage)
             ... on level 2 of the Dungeon.
             The game lasted 00:08:43 (1484 turns).

Heatsaber the Conjurer (Vine Stalker Conjurer)      Turns: 1484, Time: 00:08:44

Health: -3/16      AC:  3    Str: 11    XL:     3   Next: 45%
Magic:  0/8        EV: 11    Int: 15    God:
Gold:   51         SH:  0    Dex: 14    Spells: 5/8 levels left

rFire    + . .     SeeInvis .   p - +0 short sword
rCold    . . .     Gourm    .   (no shield)
rNeg     . . .     Faith    .   f - +0 leather armour
rPois    .         Spirit   +   (no helmet)
rElec    .         Reflect  .   (no cloak)
rCorr    .         Harm     .   (no gloves)
MR       .....                  (no boots)
Stlth    ++........             (no amulet)
HPRegen  0.05/turn              e - ring of protection from fire
MPRegen  0.11/turn              (no ring)

@: no status effects
A: fangs 2, magic shield, antimagic bite, no potion heal 3, rot immunity
a: no special abilities


You were on level 2 of the Dungeon.
You were not hungry.

You visited 1 branch of the dungeon, and saw 2 of its levels.

You collected 51 gold pieces.

Inventory:

Hand Weapons
 i - a +0 club
 k - a +2 whip of holy wrath
 p - a +0 short sword (weapon)
Armour
 a - a +0 robe
 f - a +0 leather armour (worn)
Jewellery
 e - a ring of protection from fire (left hand)
Scrolls
 b - a scroll of teleportation {unknown}
 d - a scroll of blinking {unknown}
 g - a scroll of identify {unknown}
 l - a scroll of fog {unknown}
 m - a scroll of enchant armour {unknown}
 s - a scroll of enchant weapon {unknown}
Potions
 h - a potion of heal wounds {unknown}
 j - a potion of berserk rage {unknown}
 n - a potion of curing
 o - a potion of flight {unknown}
 q - a potion of lignification {unknown}
Comestibles
 c - a ration
 r - 3 chunks of flesh


   Skills:
 - Level 1.5 Dodging
 - Level 2.4 Stealth
 + Level 3.1 Spellcasting
 + Level 4.6 Conjurations


You had 5 spell levels left.
You knew the following spells:

 Your Spells              Type           Power        Failure   Level  Hunger
a - Magic Dart            Conj           ###.         4%          1    #......
b - Searing Ray           Conj           ###...       6%          2    ##.....

Your spell library contained the following spells:

 Spells                   Type           Power        Failure   Level  Hunger
 Dazzling Spray           Conj/Hex       #.....       30%         3    ###....
 Iskenderun's Mystic Bla  Conj           ###.....     36%         4    #####..
 Force Lance              Conj/Tloc      #.......     69%         4    #####..
 Fulminant Prism          Conj/Hex       #.........   69%         4    #####..


Dungeon Overview and Level Annotations

Branches:
Dungeon (2/15)

Altars:


Innate Abilities, Weirdness & Mutations

You have extremely sharp teeth.
When hurt, damage is shared between your health and your magic reserves.
Your bite disrupts and absorbs the magic of your enemies.
Potions cannot restore your health.
You are immune to rotting.


Message History

The searing ray hits the scorpion.
The scorpion is heavily wounded.
You feel sick. The scorpion stings you.
The searing ray hits the scorpion.
The scorpion is severely wounded.
You finish channeling your searing ray.
You feel sick. The scorpion stings you!
* * * LOW HITPOINT WARNING * * *
* * * LOW HITPOINT WARNING * * *
You feel sick.
Your system rejects the healing.
You feel better. The scorpion misses you.
Casting: Searing Ray (safe; 6% risk of failure)
Confirm with . or Enter, or press ? or * to list all spells.
Aiming: Magic Dart (safe; 4% risk of failure)
Press: ? - help, Shift-Dir - straight line, f/p - scorpion
Aim: a scorpion (severely wounded)
The magic dart hits the scorpion.
The scorpion is severely wounded.
The scorpion barely misses you. The scorpion stings you.
You die...

###############
#.s...........#
#@............#
#.............#
#.............#
#.............#
#.............#
#.....<.......#
#.............#
#####....#'####
#....#)#


You could see a scorpion.

Vanquished Creatures
  An ooze (D:1)
  A dart slug (D:1)
  A leopard gecko (D:1)
  3 giant cockroaches
  5 hobgoblins (D:1)
  5 kobolds (D:1)
  2 bats
  5 frilled lizards
  4 goblins
  2 rats (D:1)
29 creatures vanquished.

Notes
Turn   | Place    | Note
-------+----------+-------------------------------------------
     0 | D:1      | Heatsaber the Vine Stalker Conjurer began the quest for the
                  | Orb.
     0 | D:1      | Reached XP level 1. HP: 9/9 MP: 4/4
     3 | D:1      | Noticed an anaconda
   203 | D:1      | Reached XP level 2. HP: 13/13 MP: 0/6
   207 | D:1      | Learned a level 2 spell: Searing Ray
   732 | D:1      | Reached XP level 3. HP: 16/16 MP: 2/8
  1378 | D:1      | Noticed an elephant
  1455 | D:2      | Noticed a scorpion
  1484 | D:2      | Slain by a scorpion

Skill      XL: |  1  2  3 |
---------------+----------+-----
Spellcasting   | 3 |  3.1
Dodging        | |  1.5
Stealth        | |  2.4
Conjurations   | |  4.6

Action                   || total
-------------------------++-------
Melee: Unarmed           ||    15
       Bite              ||     6
       Club              ||     1
       Short sword       ||     9
 Cast: Magic Dart        ||    58
       Searing Ray       ||     1
  Use: Potion            ||     1
  Eat: Chunk             ||     2
Armor: Leather armour    ||     2
Dodge: Dodged            ||    20
